 Dungeon Crawl Stone Soup version 0.30-a0-743-gbfdf073431 (webtiles) character file.

Game seed: 1940949440743871890

106796 Ge0ff the Scorcher (level 16, -5/136 HPs)
             Began as a Hill Orc Fire Elementalist on Feb 6, 2023.
             Was a High Priest of Vehumet.
             Slain by KingMieszko3's ghost (29 damage)
             ... on level 14 of the Dungeon on Feb 7, 2023.
             The game lasted 01:12:46 (36232 turns).

Ge0ff the Scorcher (Hill Orc Fire Elementalist)    Turns: 36232, Time: 01:12:47

Health: -5/136     AC: 12    Str: 13    XL:     16   Next: 45%
Magic:  20/23      EV: 12    Int: 25    God:    Vehumet [*****.]
Gold:   3177       SH:  5    Dex: 11    Spells: 6/33 levels left

rFire   . . .      SeeInvis +    a - staff of fire
rCold   . . .      Faith    .    c - +0 buckler
rNeg    + . .      Spirit   .    j - +2 robe of Feasting {Rampage rF- Int+4 SInv}
rPois   .          Reflect  .    n - +0 helmet
rElec   .          Harm     .    y - +0 cloak "Wozenu" {Regen+}
rCorr   .          Rampage  +    x - +1 pair of gloves
Will    ++...      Clarity  +    (no boots)
Stlth   ++                       k - amulet of the Four Winds {rN+ Will+++ Clar}
HPRegen 1.22/turn                l - +4 ring of protection {=R}
MPRegen 0.18/turn                Y - ring of wizardry

@: weak-willed, studying Short Blades
A: low MP 2, evolution 1, noise suppression
a: Renounce Religion


You were on level 14 of the Dungeon.
You worshipped Vehumet.
Vehumet was extremely pleased with you.
You visited 4 branches of the dungeon, and saw 22 of its levels.
You also visited: Trove, Ossuary and Bailey.

You collected 3551 gold pieces.
You spent 374 gold pieces at shops.

Inventory:

Hand Weapons
 b - the +10 flail "Budish" {elec, rPois Dex+3}
   (You found it on level 9 of the Dungeon)

   Dex:       It affects your dexterity (+3).
   rPois:     It protects you from poison.
 h - a +4 dagger of distortion
 G - the +3 whip of Soic {elec, rC+ Dex+2}
   (You found it on level 3 of the Lair of Beasts)

   Dex:       It affects your dexterity (+2).
   rC:        It protects you from cold.
 X - the +10 trident "Ikilin" {flame, *Corrode rElec rC- Will++}
   (You took it off Harold on level 10 of the Dungeon)

   rC:        It makes you vulnerable to cold.
   rElec:     It insulates you from electricity.
   *Corrode:  It may corrode you when you take damage.
   Will:      It greatly increases your willpower.
Missiles
 g - 3 throwing nets {=F}
 v - 3 curare-tipped darts {=F}
Armour
 c - a +0 buckler (worn)
 e - a +1 leather armour of poison resistance
 j - the +2 robe of Feasting (worn) {Rampage rF- Int+4 SInv}
   (You found it on level 9 of the Dungeon)

   Int:       It affects your intelligence (+4).
   rF:        It makes you vulnerable to fire.
   SInv:      It lets you see invisible.
   Rampage:   It bestows one free step when moving towards enemies.
 n - a +0 helmet (worn)
 w - the +1 ring mail "Yvaisor" {+Inv Fly rC+}
   (You found it on level 5 of the Lair of Beasts)

   rC:        It protects you from cold.
   +Inv:      It lets you turn invisible.
   Fly:       It grants you flight.
 x - a +1 pair of gloves (worn)
 y - the +0 cloak "Wozenu" (worn) {Regen+}
   (You found it on level 4 of the Lair of Beasts)

   Regen:     It increases your rate of health regeneration.
 Q - the +0 robe of the Sailor {Dex+2 SInv Stlth+}
   (You found it on level 6 of the Dungeon)

   Dex:       It affects your dexterity (+2).
   SInv:      It lets you see invisible.
   Stlth:     It makes you more stealthy.
Magical Staves
 a - a staff of fire (weapon)
Jewellery
 k - the amulet of the Four Winds (around neck) {rN+ Will+++ Clar}
   (You found it on level 3 of the Lair of Beasts)

   [amulet of nothing]

   rN:        It protects you from negative energy.
   Clar:      It protects you against confusion.
   Will:      It greatly increases your willpower.
 l - a +4 ring of protection (left hand) {=R}
 C - a ring of poison resistance
 D - the amulet of Ruvampis {Spirit +Inv Dex+3}
   (You found it on level 1 of the Orcish Mines)

   [amulet of guardian spirit]

   It causes incoming damage to be divided between your reserves of health and
   magic.
   Dex:       It affects your dexterity (+3).
   +Inv:      It lets you turn invisible.
 Y - a ring of wizardry (right hand)
Wands
 d - a wand of digging (8)
 f - a wand of flame (15)
 p - a wand of paralysis (2)
 r - a wand of roots (4)
 P - a wand of polymorph (5)
Scrolls
 i - 12 scrolls of identify
 m - a scroll of magic mapping
 s - 5 scrolls of enchant armour
 B - 2 scrolls of blinking
 E - 4 scrolls of fear
 F - 10 scrolls of fog
 J - a scroll of silence {!r}
 T - 14 scrolls of teleportation
Potions
 o - a potion of ambrosia
 q - 4 potions of curing
 u - a potion of mutation {!q}
 z - 10 potions of brilliance
 A - 2 potions of attraction
 H - 5 potions of haste {!q}
 I - 2 potions of invisibility
 K - 7 potions of magic {!q}
 L - 4 potions of lignification
 M - 2 potions of might
 N - 4 potions of cancellation {!q}
 R - a potion of resistance
 W - 3 potions of heal wounds {!q}
 Z - 2 potions of berserk rage {!q}
Miscellaneous
 O - a box of beasts
 U - a phantom mirror (inert)


   Skills:
 + Level 10.9 Fighting
 - Level 6.0 Throwing
 - Level 4.0 Armour
 - Level 4.0 Dodging
 - Level 2.0 Stealth
 + Level 6.4 Shields
 * Level 9.0 Spellcasting
 * Level 12.2 Conjurations
 - Level 3.0 Hexes
 - Level 3.0 Translocations
 + Level 5.4 Transmutations
 * Level 16.6 Fire Magic
 - Level 3.0 Air Magic
 + Level 6.5 Poison Magic
 - Level 3.0 Evocations


You had 6 spell levels left.
You knew the following spells:

 Your Spells              Type           Power      Damage    Failure   Level
f - Mephitic Cloud        Conj/Pois/Air  47%        N/A       1%          3
g - Apportation           Tloc           52%        N/A       1%          1
i - Ignite Poison         Fire/Tmut/Pois 73%        N/A       1%          3
j - Inner Flame           Hex/Fire       74%        N/A       1%          3
n - Sticky Flame          Conj/Fire      90%        2d10      1%          4
s - Starburst             Conj/Fire      45%        6d13      1%          6
C - Fireball              Conj/Fire      45%        3d18      1%          5
E - Scorch                Fire           100%       2d10      0%          2

Your spell library contained the following spells:

 Spells                   Type           Power      Damage    Failure   Level
 Lee's Rapid Deconstruct  Erth           5%         3d6*      19%         5
 Foxfire                  Conj/Fire      100%       2x1d9     0%          1
 Beastly Appendage        Tmut           76%        N/A       1%          1
 Sandblast                Erth           22%        2d7       1%          1
 Lesser Beckoning         Tloc           52%        N/A       1%          2
 Passwall                 Tmut/Erth      20%        N/A       1%          2
 Static Discharge         Conj/Air       98%        2-7/arc   1%          2
 Wereblood                Tmut           38%        N/A       1%          2
 Kindle Blastsparks       Fire/Tloc/Air  100%       2d18      1%          3
 Spider Form              Tmut/Pois      41%        N/A       1%          3
 Flame Wave               Conj/Fire      90%        2d19      1%          4
 Arcjolt                  Conj/Air       24%        1d34      1%          5
 Lightning Bolt           Conj/Air       24%        1d40      1%          5
 Summon Small Mammal      Summ           44%        N/A       2%          1
 Ensorcelled Hibernation  Hex/Ice        36%        N/A       2%          2
 Gell's Gravitas          Tloc           26%        N/A       2%          3
 Teleport Other           Tloc           26%        N/A       2%          3
 Vhi's Electric Charge    Tloc/Air       52%        N/A       2%          3
 Alistair's Intoxication  Tmut/Pois      27%        N/A       6%          5
 Passage of Golubria      Tloc           26%        N/A       9%          4
 Blade Hands              Tmut           19%        N/A       9%          5
 Eringya's Noxious Bog    Tmut/Pois      20%        N/A       10%         6
 Iron Shot                Conj/Erth      21%        9d5       10%         6
 Anguish                  Hex/Necr       9%         N/A       16%         4
 Animate Armour           Summ/Erth      22%        N/A       26%         4
 Summon Ice Beast         Ice/Summ       11%        N/A       26%         4
 Summon Forest            Summ/Tloc      9%         N/A       38%         5
 Summon Mana Viper        Hex/Summ       18%        N/A       38%         5
 Borgnjor's Vile Clutch   Necr/Erth      5%         N/A       56%         5
 Dispersal                Tloc           13%        N/A       73%         6
 Statue Form              Tmut/Erth      16%        N/A       77%         6
 Death Channel            Necr           5%         N/A       98%         6
 Ignition                 Fire           48%        3d14      5%          8
 Fire Storm               Conj/Fire      45%        8d11      80%         9
 Storm Form               Tmut/Air       16%        N/A       98%         7
 Enfeeble                 Hex            13%        N/A       99%         7
 Haunt                    Necr/Summ      5%         N/A       100%        7
 Summon Hydra             Summ           5%         N/A       100%        7
 Infestation              Necr           5%         N/A       100%        8
 Necromutation            Tmut/Necr      12%        N/A       100%        8
 Death's Door             Necr           5%         N/A       100%        9


Dungeon Overview and Level Annotations

Branches:
Dungeon (14/15) Zot: 25364  Temple (1/1) D:7 Zot: 5944    Lair (5/5) D:9 Zot: 21142
  Swamp (0/4) Lair:2        Snake (0/4) Lair:2        Slime (0/5) Lair:5
    Orc (2/2) D:12 Zot: 7861     Elf (0/3) Orc:2        Vaults (0/5) D:14
Ossuary (visited)          Bailey (visited)

Altars:
Ashenzari
Cheibriados
Dithmenos
Elyvilon
Fedhas
Gozag
Hepliaklqana
Kikubaaqudgha
Makhleb
Nemelex Xobeh
Okawaru
Qazlal
Ru
Sif Muna
Trog
Uskayaw
Vehumet
Wu Jian
Xom
Yredelemnul
Zin
The Shining One
Jiyva

Shops:
D:2 !   D:4 !   D:7 [   Orc:2 *??!==?

Annotations:
D:14 KingMieszko3's ghost, journeyman MiBe


Innate Abilities, Weirdness & Mutations

Your magical capacity is very low. (-20% MP)
You have hidden genetic potential.
You passively dampen the noise of your surroundings.


Message History

KingMieszko3's ghost attacks as you move away!
KingMieszko3's ghost closely misses you.
KingMieszko3's ghost is no longer more vulnerable to fire.
Your raiju is engulfed in calcifying dust.
Your raiju is moving more slowly.
Your vampire is engulfed in calcifying dust.
Your vampire is moving more slowly.
Really read the scroll of vulnerability?
As you read the scroll of vulnerability, it crumbles to dust.
Magic quickly surges around you. KingMieszko3's ghost hits you!!
Your catoblepas breathes a plume of calcifying dust at KingMieszko3's ghost.
The blast of calcifying dust hits KingMieszko3's ghost but does no damage.
The blast of calcifying dust hits you but does no damage.
Blink to where?
Press: ? - help, Dir - move target
As you read the scroll of blinking, it crumbles to dust.
Your vampire stops moving altogether!
Your catoblepas gores KingMieszko3's ghost but does no damage.
Aiming: Paralyse
Press: ? - help, Shift-Dir - straight line, f - KingMieszko3's ghost
Aim: KingMieszko3's ghost, wielding a weapon of protection (lightly damaged, weak-willed, ally target, chance to affect: 30%) KingMieszko3's ghost easily resists.
Your raiju stops moving altogether!
Your raiju is engulfed in calcifying dust.
Your catoblepas gores KingMieszko3's ghost but does no damage.
Aiming: Paralyse
Press: ? - help, Shift-Dir - straight line, f/p - KingMieszko3's ghost
Aim: KingMieszko3's ghost, wielding a weapon of protection (lightly damaged, weak-willed, ally target, chance to affect: 30%) KingMieszko3's ghost easily resists.
KingMieszko3's ghost shouts, "Do you think the gods will protect you?"
Your catoblepas breathes a plume of calcifying dust at KingMieszko3's ghost.
The blast of calcifying dust hits KingMieszko3's ghost but does no damage.
The blast of calcifying dust hits you but does no damage.
Aiming: Paralyse
Press: ? - help, Shift-Dir - straight line, f/p - KingMieszko3's ghost
Aim: KingMieszko3's ghost, wielding a weapon of protection (calcifying dust, lightly damaged, weak-willed, ally target, chance to affect: 30%) KingMieszko3's ghost easily resists.
Aiming: Paralyse
Press: ? - help, Shift-Dir - straight line, f/p - KingMieszko3's ghost
Aim: KingMieszko3's ghost, wielding a weapon of protection (calcifying dust, lightly damaged, weak-willed, ally target, chance to affect: 30%) KingMieszko3's ghost easily resists.
KingMieszko3's ghost hits you.
Aiming: Paralyse
Press: ? - help, Shift-Dir - straight line, f/p - KingMieszko3's ghost
Aim: KingMieszko3's ghost, wielding a weapon of protection (calcifying dust, lightly damaged, weak-willed, ally target, chance to affect: 30%) KingMieszko3's ghost easily resists.
KingMieszko3's ghost hits you!!
* * * LOW HITPOINT WARNING * * *
Your catoblepas gores KingMieszko3's ghost but does no damage.
KingMieszko3's ghost attacks as you move away!
KingMieszko3's ghost hits you!!
You die...

..........')..###.....#...#.#
..........##### #####.#####.#
(.........# #.....).....#
#####'##### ########'####
#...# ########.# ###.######
#........# .........#
##'######### .........#
#.........>#
.........#######@WY.....^.#
.........#.....'...§§.....#
...........#####..........#
.........### #...V.h..§§#
...†....########...>......#
....<...#$....#...........#
##.######(~~~~'...######'##
#..#####)....#..###.....#
##.....########## #.#####


You could see KingMieszko3's ghost (weak-willed, ally target), a friendly
catoblepas (summoned, weak-willed), a friendly raiju (summoned, petrified,
weak-willed) and a friendly vampire (summoned, invisible, petrified,
weak-willed).

Vanquished Creatures
  Kirke (D:13)
  A frost giant (D:10)
  2 orc warlords
  The ghost of Voseoddeff the Spry, a journeyman MfGl of Wu Jian (Orc:1)
  An ice dragon (D:10)
  4 hydras
  A catoblepas (D:14)
  5 ogre magi (Orc:2)
  2 centaur warriors
  2 dancing weapons (D:14)
  16 two-headed ogres
  3 boulder beetles
  10 death yaks
  An orc high priest (D:12)
  A deep elf knight (Orc:1)
  A skeletal warrior (D:12)
  A bog body (Lair:2)
  Lodul (D:13)
  Pikel (D:4)
  A goliath frog (Lair:5)
  An orc knight (Orc:1)
  2 orc sorcerers (Orc:1)
  13 ugly things
  2 deep elf pyromancers
  A salamander (Lair:2)
  3 cyclopes
  A moth of wrath (Orc:1)
  An ice statue (D:10)
  Maurice (D:8)
  5 black mambas
  9 elephants
  18 cane toads
  2 gargoyles
  An unseen horror (D:11)
  A kobold demonologist (D:11)
  Psyche (D:8)
  4 rime drakes
  2 tengu conjurers (D:14)
  11 komodo dragons
  3 yaktaurs (D:13)
  An efreet (D:14)
  3 hornets
  2 tyrant leeches (Lair:5)
  2 polar bears (Lair:1)
  Prince Ribbit (D:8)
  3 trolls
  12 blink frogs
  11 dream sheep
  A centaur simulacrum (D:14)
  11 slime creatures
  A shadow (D:11)
  2 vampires
  2 wraiths
  Eustachio (D:5)
  3 basilisks
  4 hogs (D:13)
  6 wyverns
  39 yaks
  A human (D:13)
  A golden eye (D:9)
  A redback (Lair:1)
  2 steam dragons
  5 vampire mosquitoes (Lair:5)
  7 wargs (Orc:1)
  A swamp worm (Lair:2)
  2 acid dragons
  8 water moccasins
  Duvessa (D:4)
  22 ice beasts
  3 black bears
  2 sky beasts
  19 orc warriors
  15 wolves
  41 ogres
  5 centaurs
  2 lemures
  3 phantoms
  2 kobold brigands
  15 bullfrogs
  A scorpion (D:7)
  2 necrophages
  3 wights (D:7)
  Dowan (D:4)
  11 electric eels
  2 howler monkeys
  4 centaur zombies (Ossuary)
  3 lava snakes (Lair:2)
  7 jellies
  3 gnoll boudas
  Crazy Yiuf (D:6)
  14 orc priests
  3 hounds
  20 orc wizards
  4 iguanas
  6 mummies
  24 gnolls
  6 adders
  A shadow imp (D:8)
  2 white imps
  4 ufetubi
  A worm (D:2)
  A dart slug (D:3)
  54 orcs
  6 bats
  8 endoplasms
  3 giant cockroaches
  14 goblins
  9 hobgoblins
  22 kobolds
  5 quokkas
  5 ball pythons
  5 frilled lizards
  4 hobgoblin zombies (Ossuary)
  3 rats
663 creatures vanquished.

Vanquished Creatures (collateral kills)
  Agnes (D:14)
  A hydra (Lair:5)
  Harold (D:10)
  A wraith (D:9)
  A foxfire (D:9)
5 creatures vanquished.

Vanquished Creatures (others)
  A quokka (D:10)
  482 foxfires
  37 fungi
  107 plants
627 creatures vanquished.

Grand Total: 1295 creatures vanquished

Notes
Turn   | Place    | Note
-------+----------+-------------------------------------------
     0 | D:1      | Ge0ff the Hill Orc Fire Elementalist began the quest for
                  | the Orb.
     0 | D:1      | Reached XP level 1. HP: 14/14 MP: 3/3
    15 | D:1      | Noticed a minotaur skeleton
    15 | D:1      | Noticed a minotaur skeleton
   407 | D:1      | Reached XP level 2. HP: 22/22 MP: 2/4
   411 | D:1      | Learned a level 2 spell: Scorch
   944 | D:2      | Reached skill level 1 in Fighting
   944 | D:2      | Reached XP level 3. HP: 10/28 MP: 0/5
  1527 | D:2      | Reached skill level 4 in Fire Magic
  1539 | D:2      | Reached XP level 4. HP: 35/35 MP: 0/6
  2241 | D:2      | Found Jap Qiufolu's Distillery.
  2247 | D:2      | Bought a potion of degeneration for 14 gold pieces
  3089 | D:4      | Reached XP level 5. HP: 41/41 MP: 3/8
  3194 | D:4      | Found a sand-covered staircase.
  3252 | Ossuary  | Entered an ossuary
  3262 | Ossuary  | Gained mutation: You occasionally lose the ability to read
                  | scrolls when taking damage. [potion of mutation]
  3262 | Ossuary  | Gained mutation: You are partially covered in iridescent
                  | scales. (AC +2) [potion of mutation]
  3282 | Ossuary  | Reached XP level 6. HP: 45/50 MP: 3/9
  3290 | Ossuary  | Reached skill level 5 in Fire Magic
  3442 | Ossuary  | Lost mutation: You are partially covered in iridescent
                  | scales. (AC +2) [potion of mutation]
  3442 | Ossuary  | Lost mutation: You occasionally lose the ability to read
                  | scrolls when taking damage. [potion of mutation]
  3442 | Ossuary  | Gained mutation: You have a pair of small horns on your
                  | head. [potion of mutation]
  3442 | Ossuary  | Gained mutation: You have hidden genetic defects. [potion
                  | of mutation]
  3442 | Ossuary  | Lost mutation: You have a pair of small horns on your head.
                  | [potion of mutation]
  3443 | Ossuary  | Lost mutation: You have hidden genetic defects. [potion of
                  | mutation]
  3443 | Ossuary  | Gained mutation: You are clumsy. (Dex -2) [potion of
                  | mutation]
  3537 | D:4      | Noticed Duvessa
  3544 | D:4      | Killed Duvessa
  3545 | D:4      | Reached XP level 7. HP: 49/57 MP: 5/10
  3555 | D:4      | Noticed Dowan
  3558 | D:4      | Killed Dowan
  3669 | D:4      | Found Refokuis's Distillery.
  4282 | D:5      | Entered Level 5 of the Dungeon
  4356 | D:5      | Noticed Eustachio
  4386 | D:5      | Reached skill level 6 in Fire Magic
  4574 | D:5      | Reached skill level 5 in Conjurations
  4749 | D:5      | Killed Eustachio
  4750 | D:5      | Reached XP level 8. HP: 63/63 MP: 1/12
  4911 | D:5      | Reached skill level 7 in Fire Magic
  5423 | D:5      | Reached skill level 8 in Fire Magic
  5680 | D:5      | Noticed Pikel
  5703 | D:4      | Killed Pikel
  5704 | D:4      | Reached skill level 9 in Fire Magic
  5704 | D:4      | Reached XP level 9. HP: 53/69 MP: 1/15
  6246 | D:6      | Learned a level 4 spell: Flame Wave
  6749 | D:6      | Noticed a hornet
  6775 | D:6      | Killed a hornet
  7091 | D:6      | Reached skill level 5 in Spellcasting
  7093 | D:6      | Identified the +0 robe of the Sailor {Dex+2 SInv Stlth+}
  7099 | D:6      | Reached skill level 10 in Fire Magic
  7210 | D:6      | Found a runed translucent door.
  7211 | D:6      | Noticed Crazy Yiuf
  7356 | D:6      | Found a blossoming altar of Fedhas.
  7757 | D:6      | Killed Crazy Yiuf
  7958 | D:7      | Found Wyotise's Armour Shoppe.
  8133 | D:7      | Reached skill level 5 in Fighting
  8671 | D:7      | Reached skill level 1 in Throwing
  8842 | D:7      | Reached XP level 10. HP: 81/81 MP: 12/17
  9257 | D:7      | Found a staircase to the Ecumenical Temple.
  9268 | Temple   | Entered the Ecumenical Temple
  9268 | Temple   | Found a transporter.
  9268 | Temple   | Found a transporter.
  9270 | Temple   | Found a transporter.
  9270 | Temple   | Found a transporter.
  9305 | Temple   | Became a worshipper of Vehumet
  9670 | D:8      | Reached skill level 11 in Fire Magic
  9769 | D:8      | Noticed Maurice
  9841 | D:8      | Noticed Prince Ribbit
  9844 | D:8      | Killed Prince Ribbit
 10154 | D:8      | Reached * piety under Vehumet
 10154 | D:8      | Offered knowledge of Sandblast by Vehumet.
 10649 | D:8      | Noticed Psyche
 10652 | D:8      | Killed Psyche
 11322 | D:8      | Killed Maurice
 11472 | D:8      | Found a sparkling altar of Nemelex Xobeh.
 11699 | D:9      | Reached skill level 12 in Fire Magic
 11854 | D:9      | Reached XP level 11. HP: 91/92 MP: 5/18
 12019 | D:9      | Found a staircase to the Lair.
 12035 | D:9      | Noticed Maggie
 12037 | D:9      | Maggie changed into Maggie the golden eye
 12037 | D:9      | Noticed Maggie
 12039 | D:9      | Killed Maggie the golden eye
 12043 | D:9      | Identified the +10 flail "Budish" {elec, rPois Dex+3}
 12312 | D:9      | Noticed a two-headed ogre
 12318 | D:9      | Killed a two-headed ogre
 12407 | D:9      | Reached ** piety under Vehumet
 12407 | D:9      | Offered knowledge of Searing Ray by Vehumet.
 12616 | D:9      | Found a hide-covered altar of Uskayaw.
 12758 | D:9      | Identified the +2 robe of Feasting {Rampage rF- Int+4 SInv}
 12988 | D:10     | Entered Level 10 of the Dungeon
 12991 | D:10     | Noticed a two-headed ogre
 13000 | D:10     | Found a flagged portal.
 13014 | D:10     | Killed a two-headed ogre
 13135 | Bailey   | Entered a bailey
 13152 | Bailey   | Noticed an orc warlord
 13172 | Bailey   | Learned a level 3 spell: Inner Flame
 13288 | Bailey   | Reached skill level 1 in Hexes
 13366 | Bailey   | Found a runed translucent gate.
 13382 | Bailey   | Found a runed translucent gate.
 13384 | Bailey   | Found a runed translucent gate.
 13684 | Bailey   | Killed an orc warlord
 13685 | Bailey   | Reached skill level 13 in Fire Magic
 13884 | Bailey   | Acquired 900 gold pieces
 13915 | D:10     | Found a broken altar of Ashenzari.
 13965 | D:10     | Identified the +10 trident "Ikilin" {flame, *Corrode rElec
                  | rC- Will++}
 13965 | D:10     | Noticed Harold
 13970 | D:10     | Killed Harold
 13971 | D:10     | Reached skill level 1 in Armour
 13971 | D:10     | Reached skill level 1 in Evocations
 14100 | D:10     | Noticed a red ugly thing
 14122 | D:10     | Killed a white ugly thing
 14219 | D:10     | Found a shimmering altar of Xom.
 14227 | D:10     | Found a shimmering blue altar of Sif Muna.
 14401 | D:10     | Found a white marble altar of Elyvilon.
 14492 | D:10     | Offered knowledge of Ignite Poison by Vehumet.
 14497 | D:10     | Learned a level 3 spell: Ignite Poison
 14934 | D:10     | Reached skill level 10 in Conjurations
 14946 | D:10     | Reached *** piety under Vehumet
 14950 | D:10     | Noticed a frost giant
 15282 | D:11     | Noticed a cyan ugly thing
 15287 | D:11     | Reached XP level 12. HP: 100/100 MP: 10/19
 15292 | D:11     | Reached skill level 1 in Poison Magic
 15396 | D:11     | Reached skill level 1 in Transmutations
 15511 | D:11     | Noticed a boulder beetle
 15517 | D:11     | Killed a boulder beetle
 15628 | D:11     | You fall into a shaft and drop 2 floors!
 15732 | D:13     | Offered knowledge of Sticky Flame by Vehumet.
 15738 | D:13     | Learned a level 4 spell: Sticky Flame
 15993 | D:12     | Found a staircase to the Orcish Mines.
 16216 | D:11     | Found a portal to a secret trove of treasure.
 16225 | Trove    | Entered a treasure trove
 16244 | Trove    | Got the Lectures on the Poisonous Lungs
 16262 | Trove    | Got Nucicwer's Lectures on Sepulchral Calling
 16269 | Trove    | Got Sif Muna's Catalogue of the Twisted Pyromaniac
 16288 | Trove    | Got Sif Muna's Tome of the Fjord and the Entourage
 16294 | Trove    | Got Taolap's Vellum of Dusty Pestilence
 16297 | Trove    | Got the Grimoire of Leaden Blasphemous Mysteries
 16310 | D:11     | Reached skill level 14 in Fire Magic
 16310 | D:11     | Reached XP level 13. HP: 107/107 MP: 20/23
 16476 | D:11     | Learned a level 6 spell: Starburst
 16478 | D:11     | Learned a level 1 spell: Apportation
 17480 | D:12     | Reached skill level 15 in Fire Magic
 17706 | D:12     | Found a faded altar of an unknown god.
 17707 | D:12     | Found a hazy altar of Hepliaklqana.
 18803 | D:7      | Bought a +1 leather armour of poison resistance for 165
                  | gold pieces
 18803 | D:7      | Bought a +0 buckler for 67 gold pieces
 18901 | Lair:1   | Entered Level 1 of the Lair of Beasts
 19382 | Lair:1   | Reached skill level 1 in Shields
 20330 | Lair:1   | Noticed Urug
 20335 | Lair:1   | Urug changed into Urug the redback
 20335 | Lair:1   | Noticed Urug
 20337 | Lair:1   | Killed Urug the redback
 21218 | Lair:2   | Reached XP level 14. HP: 116/116 MP: 12/25
 21461 | Lair:2   | Found a staircase to the Snake Pit.
 22192 | Lair:2   | Found a staircase to the Swamp.
 22845 | Lair:3   | Identified the +3 whip of Soic {elec, rC+ Dex+2}
 23608 | Lair:3   | Found the amulet of the Four Winds {rN+ Will+++ Clar}
 23630 | Lair:3   | Learned a level 3 spell: Mephitic Cloud
 24024 | Lair:4   | Identified the +0 cloak "Wozenu" {Regen+}
 24597 | Lair:5   | Entered Level 5 of the Lair of Beasts
 24601 | Lair:5   | Reached skill level 1 in Translocations
 24601 | Lair:5   | Reached skill level 1 in Air Magic
 24841 | Lair:5   | Reached skill level 5 in Poison Magic
 25674 | Lair:5   | Found a staircase to the Slime Pits.
 25674 | Lair:5   | Found a viscous altar of Jiyva.
 25690 | Lair:5   | Reached skill level 5 in Throwing
 25694 | Lair:5   | Reached skill level 10 in Fighting
 26044 | Lair:5   | Reached XP level 15. HP: 104/126 MP: 11/26
 26629 | Lair:5   | Reached **** piety under Vehumet
 26688 | Lair:5   | Reached skill level 5 in Shields
 26931 | Lair:5   | Offered knowledge of Fireball by Vehumet.
 26939 | Lair:5   | Learned a level 5 spell: Fireball
 27091 | Lair:5   | Identified the +0 chain mail of the Cricket {rC+ Int+4}
 27092 | Lair:5   | Identified the +1 ring mail "Yvaisor" {+Inv Fly rC+}
 27302 | Lair:5   | Lost mutation: You are clumsy. (Dex -2) [potion of
                  | mutation]
 27302 | Lair:5   | Gained mutation: Your magical capacity is low. (-10% MP)
                  | [potion of mutation]
 27302 | Lair:5   | Gained mutation: You passively dampen the noise of your
                  | surroundings. [potion of mutation]
 27302 | Lair:5   | Gained mutation: Your magical capacity is very low. (-20%
                  | MP) [potion of mutation]
 27302 | Lair:5   | Gained mutation: You have hidden genetic potential. [potion
                  | of mutation]
 27768 | Orc:1    | Entered Level 1 of the Orcish Mines
 28171 | Orc:1    | Noticed an orc warlord
 28255 | Orc:1    | Killed an orc warlord
 28468 | Orc:1    | Identified the +1 chain mail of Liqekeish {rCorr}
 28526 | Orc:1    | Found a transporter.
 28634 | Orc:1    | Noticed Voseoddeff's ghost (journeyman MfGl)
 28666 | Orc:1    | Found a transporter.
 29004 | Orc:1    | Killed Voseoddeff's ghost
 29101 | Orc:1    | Identified the amulet of Ruvampis {Spirit +Inv Dex+3}
 29141 | Orc:2    | Entered Level 2 of the Orcish Mines
 29168 | Orc:2    | Found Hutt's Jewellery Emporium.
 29415 | Orc:2    | Reached skill level 16 in Fire Magic
 29752 | Orc:1    | Found a bloodstained altar of Trog.
 31311 | Orc:2    | Reached skill level 5 in Transmutations
 31757 | Orc:2    | Found Kix Cug's Jewellery Emporium.
 31757 | Orc:2    | Found Baalylo's Magic Scroll Boutique.
 31757 | Orc:2    | Found Jero's Distillery.
 31757 | Orc:2    | Found Byleu's Magic Scroll Shoppe.
 31902 | Orc:2    | Bought a scroll of noise for 16 gold pieces
 31907 | Orc:2    | Found Joamoczi's Jewellery Boutique.
 31954 | Orc:2    | Found Nuotauf's General Store.
 31958 | Orc:2    | Reached ***** piety under Vehumet
 32057 | Orc:2    | Found a staircase to the Elven Halls.
 32337 | Orc:2    | Found Eptaurat's Magic Scroll Boutique.
 32616 | D:2      | Bought a potion of ambrosia for 112 gold pieces
 32883 | D:10     | Killed a frost giant
 32883 | D:10     | Offered knowledge of Freezing Cloud by Vehumet.
 33374 | D:13     | Reached XP level 16. HP: 129/135 MP: 11/22
 33588 | D:13     | Identified the +7 quarterstaff "Iwnuep" {chaos, rPois rF+
                  | rN+ Str-5 SInv}
 33643 | D:13     | Noticed Kirke
 33648 | D:13     | Noticed a sphinx
 33648 | D:13     | Killed Kirke
 33994 | D:13     | Found a glowing silver altar of Zin.
 34021 | D:13     | Noticed Lodul
 34025 | D:13     | Killed Lodul
 34742 | D:14     | Found a runed translucent door.
 34764 | D:14     | Noticed KingMieszko3's ghost (journeyman MiBe)
 35198 | D:14     | Offered knowledge of Lee's Rapid Deconstruction by Vehumet.
 35781 | D:14     | Found a gate to the Vaults.
 35853 | D:14     | Noticed Agnes
 35862 | D:14     | Killed Agnes
 35957 | D:14     | Found an iron altar of Okawaru.
 36232 | D:14     | Slain by KingMieszko3's ghost

Illustrated notes

Levels and vault maps discovered:
D:1:      shiori_arrival_whats_in_store_for_you, layout_basic,
          minmay_misc_feat_hallway
D:2:      layout_loops_ring, serial_shops, nicolae_diamond_shop
D:3:      layout_basic
D:4:      layout_gridville, serial_shops, nicolae_shop_stone,
          gup_ossuary_entry_pyramid, st_stairs_10, uniq_duvessa
D:5:      layout_layer_cave, uniq_eustachio, uniq_pikel
D:6:      layout_basic, fedhas_ov_isle_minmay, minmay_manual_monstrance,
          uniq_crazy_yiuf_cottage
D:7:      layout_loops_corners, minmay_temple_entry_poolview, serial_shops,
          nicolae_stop_n_shop_1
D:8:      layout_layer_cave, kennysheep_mini_moat, nicolae_figureground_pulse,
          uniq_maurice, uniq_prince_ribbit1, uniq_psyche
D:9:      layout_irregular_city, mainiacjoe_overflow_chevrons,
          hellmonk_lair_entry_icy, uniq_maggie
D:10:     minmay_twisted_water, layout_irregular_city, ashenzari_altar_1,
          elyvilon_altar_4, mainiacjoe_overflow_large_starburst, enter_bailey_5,
          uniq_harold
D:11:     layout_cave_pools, nicolae_trove_entry_diagonal
D:12:     layout_stronghold, orc_0_dummy, beargit_hepliaklqana_dungeon_heroes
D:13:     layout_basic, zin_scriptorium, uniq_kirke, uniq_lodul
D:14:     layout_roguey, erik_vaults_1, ebering_ghost_reflecting_pool,
          lemuel_coloured_pillars_altar, uniq_agnes
Temple:   hellmonk_temple_divided_pantheon
Lair:1:   layout_cave_pods, grunt_megastairs_1, infiniplex_staircase_pool_2,
          uniq_urug
Lair:2:   layout_cave_pods, nicolae_swamp_entry_splash_gauntlet,
          nicolae_snake_entry_warm_welcome, serial_bayou_shore_b,
          lemuel_fruit_tree
Lair:3:   layout_loops_ring
Lair:4:   layout_big_grid, cheibrodos_lair_reptile_den
Lair:5:   minmay_lair_end_frog_pond, layout_layer_cave,
          nicolae_slime_entry_slimehenge
Orc:1:    layout_caves, gammafunk_ghost_berserking_beasts, basic_altar,
          elf_legates
Orc:2:    st_orc_ogre_mass, layout_diamond_mine, serial_shops, shop, shop,
          nicolae_shop_waterfront, shop

Skill      XL: |  1  2  3  4  5  6  7  8  9 10 11 12 13 14 15 16 |
---------------+-------------------------------------------------+-----
Fighting       | 1 2 3 5 7 8 10 | 10.9
Conjurations   | 2 3 4 5 6 8 10 11 12 | 12.2
Fire Magic     | 4 5 6 9 10 12 13 14 15 16 | 16.6
Spellcasting   | 2 3 4 5 7 8 9 |  9.0
Dodging        | 2 3 4 |  4.0
Throwing       | 1 2 3 5 6 |  6.0
Stealth        | 2 |  2.0
Hexes          | 3 |  3.0
Armour         | 2 3 4 |  4.0
Evocations     | 2 3 |  3.0
Poison Magic   | 2 3 5 6 |  6.5
Transmutations | 1 3 4 5 |  5.4
Shields        | 1 4 5 6 |  6.4
Translocations | 2 3 |  3.0
Air Magic      | 2 3 |  3.0

Action                     |  1- 3 |  4- 6 |  7- 9 | 10-12 | 13-15 | 16-18 || total
---------------------------+-------+-------+-------+-------+-------+-------++-------
  Melee: Rapier            |    21 |     6 |       |       |       |       ||    27
         Spear             |       |    21 |    35 |       |       |       ||    56
         Unarmed           |       |    33 |       |       |       |       ||    33
         Punch             |       |     1 |     1 |       |       |       ||     2
         Staff             |       |       |     9 |     8 |    20 |    22 ||    59
         Flail             |       |       |       |       |    37 |       ||    37
  Throw: Dart              |       |       |     2 |     8 |     8 |       ||    18
         Throwing net      |       |       |       |     1 |       |       ||     1
   Cast: Foxfire           |    52 |    27 |     2 |   195 |    14 |       ||   290
         Scorch            |       |    21 |   145 |   182 |   113 |    18 ||   479
         Flame Wave        |       |       |       |     4 |       |       ||     4
         Inner Flame       |       |       |       |     2 |       |       ||     2
         Ignite Poison     |       |       |       |     2 |     3 |     2 ||     7
         Starburst         |       |       |       |       |   155 |     8 ||   163
         Sticky Flame      |       |       |       |       |    16 |     2 ||    18
         Fireball          |       |       |       |       |   160 |    53 ||   213
         Mephitic Cloud    |       |       |       |       |       |     1 ||     1
  Evoke: Wand              |       |       |       |     4 |    17 |    21 ||    42
         Phantom mirror    |       |       |       |     1 |     1 |     1 ||     3
         Box of beasts     |       |       |       |     1 |     1 |       ||     2
    Use: Scroll            |     3 |     6 |     6 |     6 |     7 |     7 ||    35
         Potion            |       |    11 |     1 |     3 |     2 |       ||    17
   Stab: Paralysed         |       |       |       |       |     4 |       ||     4
 Armour: Robe              |     3 |    15 |    28 |    53 |     8 |    15 ||   122
         Skin              |       |   138 |       |       |       |       ||   138
         Leather armour    |       |       |       |       |    75 |       ||    75
  Dodge: Dodged            |    20 |    43 |    51 |    93 |   149 |    19 ||   375
  Block: Buckler           |       |       |       |       |     7 |    13 ||    20

Table legend: (Time is in decaauts)
 A = Elapsed time spent in this place.
 B = Non-inter-level travel time spent in this place.
 C = Inter-level travel time spent in this place.
 D = Time resting spent in this place.
 E = Time spent auto-exploring this place.
 F = Levels seen in this place.
 G = Mean time per level.
                   A        B        C        D        E       F      G
               +--------+--------+--------+--------+--------+-----+--------+
         Total |  36387 |  34819 |   1568 |   1378 |  28575 |  25 | 1455.5 |
       Dungeon |  22282 |  21057 |   1225 |   1090 |  17104 |  14 | 1591.6 |
        Temple |     55 |     37 |     18 |      0 |      5 |   1 |   55.0 |
          Lair |   8857 |   8654 |    203 |     99 |   7498 |   5 | 1771.4 |
  Orcish Mines |   4138 |   4017 |    121 |     56 |   3450 |   2 | 2069.0 |
         Trove |     83 |     83 |      0 |      0 |      0 |   1 |   83.0 |
       Ossuary |    202 |    202 |      0 |     30 |     92 |   1 |  202.0 |
        Bailey |    767 |    767 |      0 |    103 |    425 |   1 |  767.0 |
               +--------+--------+--------+--------+--------+-----+--------+

Top non-repeatable levels by time:
    D:12: 2672 daAuts
  Lair:5: 2434 daAuts
   Orc:2: 2413 daAuts
    D:10: 2177 daAuts
     D:8: 2022 daAuts
  Lair:1: 1933 daAuts
     D:9: 1812 daAuts
     D:6: 1811 daAuts
     D:5: 1803 daAuts
   Orc:1: 1724 daAuts
  Lair:2: 1661 daAuts
    D:14: 1635 daAuts
  Lair:4: 1619 daAuts
     D:7: 1602 daAuts
    D:13: 1474 daAuts
